 Dungeon Crawl Stone Soup version 0.31-a0-1499-ge0622b2318 (webtiles) character file.

Game seed: 4563589496917724788

63 Pooter the Chopper (level 3, -11/34 HPs)
             Began as a Minotaur Monk on Dec 29, 2023.
             Was an Initiate of Gozag.
             Killed by nerve-wracking pain
             ... invoked by an orc priest
              (12 damage)
             ... on level 3 of the Dungeon.
             The game lasted 00:09:25 (1468 turns).

Pooter the Chopper (Minotaur Monk)                  Turns: 1468, Time: 00:09:26

Health: -11/34     AC:  4    Str: 17    XL:     3   Next: 87%
Magic:  2/2        EV: 12    Int:  7    God:    Gozag
Gold:   192        SH:  0    Dex: 12    Spells: 2/2 levels left

rFire   . . .        a - +0 hand axe
rCold   . . .        d - orb {light}
rNeg    . . .        b - +0 robe
rPois   .            (helmet restricted)
rElec   .            (no cloak)
rCorr   .            i - +1 pair of gloves
SInv    .            (no boots)
Will    .....        (no amulet)
Stlth   +            (no ring)
HPRegen 0.25/turn    (no ring)
MPRegen 0.08/turn

%: no passive effects
@: about to teleport, gold aura, glowing
A: horns 2, retaliatory headbutt
a: Renounce Religion, Potion Petition, Call Merchant, Bribe Branch


You were on level 3 of the Dungeon.
You worshipped Gozag.
Gozag was aware of your devotion.
You visited 1 branch of the dungeon, and saw 3 of its levels.

You collected 192 gold pieces.

Inventory:

Hand Weapons
 a - a +0 hand axe (weapon)
 n - a +2 dagger of venom
   (You took it off an orc on level 3 of the Dungeon)
Missiles
 f - 3 throwing nets {!f}
 p - 3 javelins
 Q - 17 stones (quivered)
Armour
 b - a +0 robe (worn)
 d - an orb of light (worn)
 i - a +1 pair of gloves (worn)
   (You found it on level 1 of the Dungeon)
Scrolls
 e - a scroll of amnesia {unknown}
 g - a scroll of silence {unknown}
 h - a scroll of revelation
 m - a scroll of enchant armour
 o - a scroll of fear {unknown}
 t - a scroll of teleportation {@r4}
Potions
 c - 2 potions of ambrosia
 j - a potion of enlightenment {unknown}
 k - a potion of haste {unknown}
 l - a potion of heal wounds {unknown}
 q - a potion of curing {unknown}
 r - a potion of attraction {unknown}


   Skills:
 + Level 4.4 Fighting
 * Level 5.2 Axes
 - Level 3.2 Dodging


You had 2 spell levels left.
You didn't know any spells.
Your spell library contained the following spells:

 Spells                   Type           Power      Damage    Failure   Level
 Alistair's Intoxication  Alch           0%         N/A       100%        5
 Borgnjor's Vile Clutch   Necr/Erth      0%         N/A       100%        5
 Eringya's Noxious Bog    Alch           0%         4d6       100%        6


Dungeon Overview and Level Annotations

Branches:
Dungeon (3/15) Zot: 16524

Altars:
Gozag


Innate Abilities, Weirdness & Mutations

You have a pair of horns on your head.
You reflexively headbutt those who attack you in melee.


Message History

You see here a +0 club.
You now have 179 gold pieces (gained 7).
Q - 17 stones (gained 2)
You now have 185 gold pieces (gained 6).
A dart slug comes into view.
There is an escape hatch in the floor here.
You see here a scroll labelled OSES YBONA.
h - 2 scrolls labelled OSES YBONA (gained 1)
You slash the dart slug! You headbutt the dart slug.
You kill the dart slug!
You now have 192 gold pieces (gained 7).
r - a white potion
As you read the scroll labelled OSES YBONA, it crumbles to dust.
You feel aware of your surroundings.
You sensed 2 altars.
It was a scroll of revelation.
Found a scroll labelled FALINL NEUTHRAI. 2 orc priests come into view.
The orc priest shouts! x2; You hear a shout!
A kobold comes into view. It is wielding a +0 short sword.
An orc wizard comes into view.
It is wielding a +1 dagger of holy wrath.
An orc priest comes into view. It is wielding a +0 dagger.
Okay, then.
As you read the scroll of teleportation {@r4}, it crumbles to dust.
You feel strangely unstable.
The orc priest shouts!
The kobold shouts!
The kobold throws a stone.
The stone hits you but does no damage.
Your surroundings suddenly seem different.
A hobgoblin and an orc come into view.
The hobgoblin shouts!
The orc shouts!
The orc priest invokes the aid of Beogh against you.
Pain shoots through your body! The kobold hits you but does no damage.
The orc priest casts a cantrip, but nothing happens.
The orc priest begins to cast a cantrip, but forgets the words!
As you read the scroll of teleportation {@r4}, it crumbles to dust.
You feel strangely unstable. The kobold closely misses you.
The orc priest mumbles some strange prayers to Beogh against you.
Beogh smites you!
* * * LOW HITPOINT WARNING * * *
The orc wizard points at you and mumbles some strange words.
The magic dart hits you!
* * * LOW HITPOINT WARNING * * *
Unknown command.
You closely miss the kobold. You headbutt the kobold.
You kill the kobold!
You hit the orc priest. You headbutt the orc priest.
The orc priest barely misses you.
The orc priest invokes the aid of Beogh against you.
Pain shoots through your body!
You die...
Your body crumbles into a pile of gold.

*,,,,,,,........).##.
*,,,,,,,.............
**,,****####.......#. #,,*
####......... #.**
########..... *.###
###......#... *****#####,..#
#...........>
*,,,,......#.####....####....
*,,,,.......@o....#######....
*,,,,........#.....##........
*,,,,.......oo.o?...#........
*****#......o................
#......g................
#...............##......
#.......................
#...............####.##.
*,,,,,,,,,,,,,,,,,...,#.


You could see 3 orc priests, an orc wizard, an orc and a hobgoblin.

Vanquished Creatures
  2 ribbon worms (D:2)
  A dart slug (D:3)
  4 orcs (D:3)
  A ball python (D:1)
  5 endoplasms
  6 goblins
  3 hobgoblins
  4 kobolds
  2 quokkas (D:1)
  3 bats
  5 frilled lizards
  2 rats
38 creatures vanquished.

Notes
Turn   | Place    | Note
-------+----------+-------------------------------------------
     0 | D:1      | Pooter the Minotaur Monk began the quest for the Orb.
     0 | D:1      | Reached XP level 1. HP: 19/19 MP: 0/0
    46 | D:1      | Reached skill level 4 in Axes
   170 | D:1      | Reached XP level 2. HP: 27/27 MP: 1/1
   825 | D:2      | Reached XP level 3. HP: 21/33 MP: 2/2
  1010 | D:2      | Found an opulent altar of Gozag.
  1019 | D:2      | Became a worshipper of Gozag Ym Sagoz the Greedy
  1288 | D:2      | Reached skill level 5 in Axes
  1466 | D:3      | HP: 1/34 [orc wizard/magic dart (8)]
  1468 | D:3      | Killed from afar by an orc priest

Illustrated notes

Levels and vault maps discovered:
D:1:      lightli_iron_boxes, layout_basic
D:2:      layout_basic, basic_altar
D:3:      layout_rooms, grunt_gozag_statues, ebering_ecumenical_altar_petrified

Skill      XL: |  1  2  3 |
---------------+----------+-----
Axes           | 4 5 |  5.2
Fighting       | 4 |  4.4
Dodging        | |  3.2

Action                     || total
---------------------------++-------
  Melee: Hand axe          ||    55
         Headbutt          ||    11
  Throw: Stone             ||     7
         Javelin           ||     4
         Throwing net      ||     1
    Use: Scroll            ||     5
 Armour: Robe              ||    23
  Dodge: Dodged            ||    27

Table legend: (Time is in decaauts)
 A = Elapsed time spent in this place.
 B = Non-inter-level travel time spent in this place.
 C = Inter-level travel time spent in this place.
 D = Time resting spent in this place.
 E = Time spent auto-exploring this place.
 F = Levels seen in this place.
 G = Mean time per level.
                   A        B        C        D        E       F      G
               +--------+--------+--------+--------+--------+-----+--------+
         Total |   1474 |   1421 |     53 |     47 |   1081 |   3 |  491.3 |
       Dungeon |   1474 |   1421 |     53 |     47 |   1081 |   3 |  491.3 |
               +--------+--------+--------+--------+--------+-----+--------+

Top non-repeatable levels by time:
     D:1: 770 daAuts
     D:2: 599 daAuts
     D:3: 104 daAuts
